 Dungeon Crawl Stone Soup version 0.17.0-23-g0de4337 (webtiles) character file.

9658 ololoev the Destroyer (level 11, -2/61 HPs)
             Began as a Tengu Conjurer on Nov 13, 2015.
             Was a Believer of Vehumet.
             Slain by Snorg (13 damage)
             ... on level 11 of the Dungeon.
             The game lasted 00:39:08 (10994 turns).

ololoev the Destroyer (Tengu Conjurer)             Turns: 10994, Time: 00:39:08

Health: -2/61      AC:  5    Str:  9    XL:     11   Next: 49%
Magic:  8/25       EV: 14    Int: 20    God:    Vehumet [**....]
Gold:   371        SH:  0    Dex: 15    Spells: 5 memorised, 16 levels left

rFire  + . .     SeeInvis .     v - +8 long sword "Heckeumn" {freeze, Int+2}
rCold  . . .     Clarity  .     K - +2 leather armour {rF+}
rNeg   . . .     SustAt   .     (no shield)
rPois  .         Gourm    .     (helmet restricted)
rElec  .         Spirit   .     (no cloak)
rCorr  +         Warding  .     (no gloves)
rMut   .         Stasis   .     (boots unavailable)
MR     .....                    p - amulet of resist corrosion
Stlth  ++........               (no ring)
                                y - ring of wizardry

@: about to teleport, not resistant to hostile enchantments, unstealthy
A: beak, talons 3, able to fly 1
a: Fly, Renounce Religion


Innate Abilities, Weirdness & Mutations

You have a beak for a mouth.
You have claws for feet.
You can fly.

Inventory:

Hand Weapons
 a - a +1 dagger of protection
 v - the +8 long sword "Heckeumn" (weapon) {freeze, Int+2}
   (You found it on level 6 of the Dungeon)

   It has been specially enchanted to freeze those struck by it, causing extra
   injury to most foes and up to half again as much damage against particularly
   susceptible opponents.
   It can also slow down cold-blooded creatures.
   It affects your intelligence (+2).
Armour
 K - a +2 leather armour of fire resistance (worn)
Jewellery
 p - an amulet of resist corrosion (around neck)
 w - an uncursed amulet of resist mutation
 y - a ring of wizardry (left hand)
 z - an uncursed ring of fire
Wands
 l - a wand of confusion (23)
 o - a wand of fire (9)
 A - a wand of teleportation (7)
Scrolls
 e - a scroll of random uselessness {unknown}
 k - 3 scrolls of remove curse
 q - 2 scrolls of recharging
 r - 4 scrolls of amnesia
 B - 4 scrolls of enchant weapon
Potions
 g - 4 potions of brilliance
 h - 2 potions of invisibility {unknown}
 j - a potion of magic {unknown}
 m - a potion of poison {unknown}
 s - a potion of haste {unknown}
 x - a potion of cancellation {unknown}
 D - 4 potions of curing
 E - a potion of agility
 F - 2 potions of might {unknown}
 G - a potion of degeneration {unknown}
 I - a potion of flight {unknown}
 N - a potion of cure mutation {unknown}
Books
 b - a book of Conjurations

   Spells                             Type                      Level
   a - Magic Dart                     Conjuration                  1
   b - Searing Ray                    Conjuration                  2
   c - Dazzling Spray                 Conjuration/Hexes            3
   d - Fulminant Prism                Conjuration/Hexes            4
   e - Iskenderun's Mystic Blast      Conjuration                  4
   f - Iskenderun's Battlesphere      Conjuration/Charms           5
Comestibles
 c - 9 bread rations
 d - 7 beef jerkies
 C - 5 fruits
 L - 7 slices of pizza


   Skills:
 + Level 4.1 Fighting
 + Level 4.9 Dodging
 - Level 2.0 Stealth
 + Level 9.8 Spellcasting
 + Level 14.2 Conjurations
 - Level 5.0 Charms
 * Level 4.4 Fire Magic


You had 16 spell levels left.
You knew the following spells:

 Your Spells              Type           Power        Failure   Level  Hunger
a - Magic Dart            Conj           ####         1%          1    None
b - Searing Ray           Conj           ######       1%          2    None
c - Iskenderun's Battles  Conj/Chrm      #####...     2%          5    #####..
d - Iskenderun's Mystic   Conj           ######..     1%          4    ##.....
e - Flame Tongue          Conj/Fire      #####        1%          1    None


You were on level 11 of the Dungeon.
You worshipped Vehumet.
Vehumet was pleased with you.
You were hungry.

You visited 2 branches of the dungeon, and saw 12 of its levels.

You collected 567 gold pieces.
You spent 196 gold pieces at shops.

##..............#..##
##............#..##
##..........)..## ##......(....##
##....(....## ##.......## **
##......##*************
,***######.......##*,,,,.,,,,,,**
,,,*#>.....#####@.#*,,...,,,,,,,*
*,....####.....##T##.....,,,,,,,*
,*.,*** ##......#H).#,,,,,,,,,,,*
,,,** #........#.......,,,,,,**
,,,* ##........##......,,,,,,*
,,,* #..........#......,,,,,,*
,,** #....†[....##.....,,,,,***
.,* #.......†).#*.....,,,,,,,,
.** #..............#..,,,,**,,

Notes
Turn   | Place    | Note
--------------------------------------------------------------
     0 | D:1      | ololoev the Tengu Conjurer began the quest for the Orb.
     0 | D:1      | Reached XP level 1. HP: 10/10 MP: 4/4
   218 | D:1      | Reached XP level 2. HP: 15/15 MP: 4/6
   222 | D:1      | Learned a level 2 spell: Searing Ray
   420 | D:1      | Reached XP level 3. HP: 19/19 MP: 1/8
   724 | D:1      | Reached skill level 6 in Conjurations
  1078 | D:2      | Noticed Jessica
  1100 | D:2      | Killed Jessica
  1100 | D:2      | Reached XP level 4. HP: 7/24 MP: 3/9
  1800 | D:3      | Gained mutation: You can fly. [Tengu growth]
  1800 | D:3      | Reached XP level 5. HP: 28/28 MP: 6/11
  1807 | D:3      | Learned a level 5 spell: Iskenderun's Battlesphere
  1951 | D:3      | Reached skill level 7 in Conjurations
  1996 | D:3      | Noticed Terence
  2007 | D:3      | Killed Terence
  2149 | D:3      | Noticed an ogre
  2153 | D:3      | Killed an ogre
  2153 | D:3      | Reached skill level 1 in Charms
  2153 | D:3      | Reached XP level 6. HP: 12/32 MP: 7/12
  2812 | D:3      | Reached skill level 8 in Conjurations
  2978 | D:4      | Reached XP level 7. HP: 36/36 MP: 10/14
  3732 | D:4      | Found a sacrificial altar of Ru.
  4005 | D:5      | Entered Level 5 of the Dungeon
  4005 | D:5      | Noticed Edmund
  4177 | D:5      | Reached skill level 5 in Spellcasting
  4592 | D:4      | Reached skill level 9 in Conjurations
  4668 | D:5      | Reached XP level 8. HP: 41/41 MP: 11/16
  5520 | D:6      | Got a pitted long sword
  5578 | D:6      | Noticed Grinder
  5584 | D:6      | Killed Grinder
  5584 | D:6      | Reached skill level 10 in Conjurations
  6051 | D:6      | Noticed Sigmund
  6059 | D:6      | Killed Sigmund
  6059 | D:6      | Reached XP level 9. HP: 45/45 MP: 10/19
  6428 | D:7      | Reached skill level 5 in Charms
  6504 | D:7      | Identified the +8 long sword "Heckeumn" {freeze, Int+2} (You found it on level 6 of the Dungeon)
  6688 | D:7      | Found a staircase to the Ecumenical Temple.
  6698 | Temple   | Entered the Ecumenical Temple
  6715 | Temple   | Became a worshipper of Vehumet
  6749 | D:7      | Found a shimmering altar of Xom.
  7046 | D:8      | Reached skill level 11 in Conjurations
  7054 | D:8      | Learned a level 4 spell: Iskenderun's Mystic Blast
  7149 | D:8      | Killed Edmund
  7185 | D:8      | Found a basalt altar of Yredelemnul.
  7785 | D:9      | Found Faxty's Armour Boutique.
  7792 | D:9      | Bought a +1 leather armour of fire resistance for 196 gold pieces
  7810 | D:9      | Noticed Psyche
  7813 | D:9      | Killed Psyche
  7869 | D:9      | Reached skill level 12 in Conjurations
  7932 | D:9      | Reached XP level 10. HP: 50/50 MP: 7/23
  7994 | D:9      | Noticed an angel
  7995 | D:9      | Found a glowing silver altar of Zin.
  7996 | D:9      | Found a runed door.
  8225 | D:9      | Reached * piety under Vehumet
  8225 | D:9      | Offered knowledge of Sandblast by Vehumet.
  8468 | D:9      | Noticed a hill giant
  8472 | D:9      | Killed a hill giant
  8472 | D:9      | Reached skill level 13 in Conjurations
  9083 | D:10     | Entered Level 10 of the Dungeon
  9127 | D:10     | Reached skill level 1 in Fighting
  9636 | D:10     | Offered knowledge of Flame Tongue by Vehumet.
  9641 | D:10     | Learned a level 1 spell: Flame Tongue
  9742 | D:10     | Reached ** piety under Vehumet
  9885 | D:11     | Noticed a hill giant
  9890 | D:11     | Killed a hill giant
  9890 | D:11     | Reached XP level 11. HP: 58/60 MP: 11/25
 10001 | D:11     | Noticed Anothat's ghost (journeyman TrMo)
 10058 | D:11     | Killed an unseen horror
 10149 | D:11     | Noticed a manticore
 10158 | D:11     | Killed a manticore
 10158 | D:11     | Reached skill level 14 in Conjurations
 10279 | D:11     | Noticed a cyclops
 10285 | D:11     | Killed a cyclops
 10635 | D:11     | Noticed Nergalle
 10641 | D:11     | Killed Nergalle
 10834 | D:11     | Offered knowledge of Throw Frost by Vehumet.
 10991 | D:11     | Noticed Snorg
 10994 | D:11     | Slain by Snorg

Dungeon Overview and Level Annotations

Branches:
Dungeon (11/15)            Temple (1/1) D:7            Lair (0/8) D:11
    Orc (0/4) D:11

Altars:
Ashenzari
Gozag
Kikubaaqudgha
Makhleb
Nemelex Xobeh
Qazlal
Ru
Sif Muna
Vehumet
Xom
Yredelemnul
Zin
The Shining One

Shops:
D:9 [

Annotations:
D:9 1 runed door
D:11 Anothat's ghost, journeyman TrMo; Snorg


Message History

The barrage of energy hits Anothat's ghost.
Anothat's ghost is heavily damaged.
Casting: Iskenderun's Mystic Blast
Confirm with . or Enter, or press ? or * to list all spells.
Aiming: Iskenderun's Mystic Blast
Press: ? - help, Shift-Dir - straight line, f/p - Anothat's ghost
Aim: Anothat's ghost (moderately damaged)
The orb of energy hits Anothat's ghost.
Anothat's ghost is heavily damaged.
The orb of energy explodes!
You hear a screech!
Your battlesphere fires!
The barrage of energy hits Anothat's ghost.
Anothat's ghost is severely damaged.
Anothat's ghost misses you.
Unknown command.
Casting: Iskenderun's Mystic Blast
Confirm with . or Enter, or press ? or * to list all spells.
Aiming: Iskenderun's Mystic Blast
Press: ? - help, Shift-Dir - straight line, f/p - Anothat's ghost
Aim: Anothat's ghost (severely damaged)
The orb of energy hits Anothat's ghost.
Anothat's ghost is severely damaged.
The orb of energy explodes!
Your battlesphere fires!
The barrage of energy hits Anothat's ghost.
Anothat's ghost is severely damaged.
Anothat's ghost hits you!!
Ouch! That really hurt!
Unknown command.
Unknown command.
Anothat's ghost hits your battlesphere!
Your battlesphere is destroyed!
Anothat's ghost says, "You can run, but you can't hide!"
Snorg the Insatiable comes into view.
You see here 2 chunks of flesh.
Read which item? (? for menu, Esc to quit)
As you read the scroll of teleportation, it crumbles to dust.
You feel strangely unstable. Snorg bites you!
You die...

You could see Snorg and a hippogriff.

Vanquished Creatures
  Nergalle (D:11)
  An unseen horror (D:11)
  2 hill giants
  A manticore (D:11)
  A cyclops (D:11)
  Psyche (D:9)
  2 trolls
  Grinder (D:6)
  Sigmund (D:6)
  6 yaks
  A wyvern (D:11)
  A human (D:9)
  A hungry ghost (D:7)
  A wolf (D:11)
  Edmund (D:8)
  2 hippogriffs
  A phantom (D:11)
  3 orc warriors
  A wasp (D:10)
  5 centaurs
  2 ogres
  A crocodile (D:9)
  A gnoll sergeant (D:9)
  4 giant frogs
  A wyvern skeleton (D:11)
  5 scorpions
  4 killer bees
  An electric eel (D:11)
  A quasit (D:5)
  3 wights (D:10)
  5 orc priests
  6 crimson imps
  10 orc wizards
  6 giant frog skeletons
  2 centaur skeletons
  4 jellies
  10 hounds
  Jessica (D:2)
  Terence (D:3)
  An iguana (D:11)
  11 worker ants
  3 sheep (D:9)
  A worker ant zombie (D:5)
  6 gnolls
  14 adders
  3 oozes
  An adder zombie (D:3)
  4 worms
  4 giant geckos
  24 orcs
  2 ball pythons
  10 bats
  5 giant cockroaches
  8 goblins
  5 hobgoblins
  4 jackals (D:3)
  7 kobolds
  5 quokkas
  3 giant newts
  A jackal skeleton (D:8)
  A jackal zombie (D:5)
  9 rats
234 creatures vanquished.

Action                   |  1- 3 |  4- 6 |  7- 9 | 10-12 || total
-------------------------+-------+-------+-------+-------++-------
Melee: Unarmed           |     2 |       |       |       ||     2
       Dagger            |    11 |    29 |     6 |       ||    46
       Long sword        |       |       |     6 |     1 ||     7
 Cast: Magic Dart        |    46 |    62 |   120 |   108 ||   336
       Searing Ray       |     1 |    10 |    44 |    25 ||    80
       Iskenderun's Batt |       |       |    19 |    27 ||    46
       Iskenderun's Myst |       |       |     2 |    19 ||    21
 Abil: Fly               |       |     1 |     3 |     1 ||     5
Evoke: Wand              |     7 |       |       |       ||     7
  Use: Scroll            |       |       |     9 |    11 ||    20
       Potion            |       |       |       |     4 ||     4
  Eat: Chunk             |     1 |     4 |    10 |     6 ||    21
       Meat ration       |       |     1 |     1 |     2 ||     4
       Pizza             |       |       |     2 |       ||     2

Vault maps used:
D:1:      minmay_arrival_arboretum_small, serial_glass, glass_columns_c,
          glass_columns_c
D:2:      uniq_jessica
D:3:      hangedman_decor_points, grunt_decor_arrowhead, minivault_24,
          roderic_batcave, minmay_misc_feat_columns, uniq_terence
D:4:      first_bread, nicolae_ru_great_annihilating_truth
D:5:      uniq_edmund
D:6:      uniq_grinder, uniq_sigmund
D:7:      minmay_temple_entry_butterflies, basic_altar
D:8:      lemuel_doored_altar
D:9:      serial_shops, nicolae_shop_statue_plus, grunt_livestock,
          lemuel_angel_altar, uniq_psyche
D:11:     erik_lair_island, uniq_snorg, uniq_nergalle
Temple:   grunt_circular_temple_18
